Map: Distant Plane

Players

kamakazykid

  • Race: Protoss Protoss

Kurjack

  • Race: Zerg Zerg

Duncan

  • Race: Protoss Protoss

EdibleDXX

  • Race: Terran Terran

VOD

Have the link to the VOD?

Description

Time

  • Played on: Dec. 22, 2015, 10:23 p.m.
  • Length: 23:51
Show
View Real Time Build Order
Export as new Build Order

kamakazykid Protoss 

Build Orders: Phoenix Opening 

Get SALT Encoding   

  12  0:02  Probe (Chrono Boost)  
  13  0:13  Probe (Chrono Boost)  
  14  0:27  Probe (Chrono Boost), Pylon  
  15  0:45  Probe (Chrono Boost)  
  16  0:56  Probe (Chrono Boost)  
  17  1:06  Probe (Chrono Boost)  
  17  1:10  Nexus  
  18  1:20  Probe (Chrono Boost)  
  19  1:29  Gateway  
  19  1:30  Probe (Chrono Boost)  
  20  1:35  Assimilator  
  20  1:40  Assimilator  
  20  1:41  Probe (Chrono Boost)  
  21  1:51  Probe (Chrono Boost), Pylon  
  22  2:02  Probe (Chrono Boost)  
  23  2:12  Probe (Chrono Boost)  
  24  2:22  Cybernetics Core  
  24  2:23  Probe x2 (Chrono Boost)  
  24  2:29  Forge  
  26  2:33  Probe (Chrono Boost)  
  26  2:34  Probe (Chrono Boost)  
  29  2:44  Probe x2 (Chrono Boost)  
  30  2:51  Pylon  
  30  2:54  Probe (Chrono Boost)  
  30  2:56  Probe (Chrono Boost)  
  32  3:06  Stargate  
  32  3:07  Stargate  
  32  3:08  Probe (Chrono Boost)  
  32  3:12  Probe (Chrono Boost)  
  34  3:18  Probe (Chrono Boost), Assimilator  
  35  3:20  Assimilator  
  35  3:22  Probe (Chrono Boost)  
  36  3:29  Probe (Chrono Boost), Pylon  
  36  3:33  Probe (Chrono Boost)  
  38  3:39  Photon Cannon  
  38  3:40  Probe (Chrono Boost)  
  39  3:46  Probe (Chrono Boost)  
  40  3:49  Phoenix  
  40  3:50  Phoenix  
  40  3:52  Probe (Chrono Boost)  
  45  4:11  Zealot  
  45  4:12  Nexus  
  45  4:13  Probe x2 (Chrono Boost)  
  45  4:16  Pylon  
  49  4:19  Phoenix  
  49  4:22  Phoenix  
  49  4:24  Probe x2 (Chrono Boost)  
  55  4:34  Probe (Chrono Boost)  
  55  4:36  Probe (Chrono Boost)  
  57  4:43  Protoss Air Weapons Level 1  
  57  4:45  Probe (Chrono Boost)  
  58  4:47  Probe (Chrono Boost), Phoenix  
  61  4:53  Photon Cannon  
  61  4:57  Photon Cannon  
  61  4:58  Probe (Chrono Boost)  
  62  5:00  Phoenix  
  62  5:04  Probe (Chrono Boost)  
  65  5:12  Phoenix  
  67  5:21  Photon Cannon  
  67  5:24  Probe x2 (Chrono Boost)  
  67  5:25  Phoenix  
  67  5:26  Probe (Chrono Boost), Photon Cannon  
  72  5:35  Probe (Chrono Boost)  
  73  5:36  Phoenix  
  75  5:48  Pylon  
  75  5:51  Phoenix  
  75  5:52  Fleet Beacon  
  77  5:59  Probe (Chrono Boost), Photon Cannon  
  77  6:00  Probe (Chrono Boost)  
  77  6:04  Assimilator  
  79  6:06  Probe (Chrono Boost), Assimilator  
  79  6:10  Probe (Chrono Boost)  
  81  6:14  Probe (Chrono Boost)  
  81  6:16  Phoenix  
  84  6:21  Photon Cannon  
  84  6:24  Photon Cannon  
  84  6:25  Cybernetics Core  
  84  6:31  Probe x2 (Chrono Boost)  
  84  6:32  Probe (Chrono Boost)  
  87  6:41  Probe (Chrono Boost), Protoss Shields Level 1 (Chrono Boost)  
  88  6:48  Probe (Chrono Boost), Twilight Council  
  88  6:51  Probe (Chrono Boost)  
  88  6:52  Pylon  
  90  6:55  Photon Cannon  
  90  6:56  Probe (Chrono Boost)  
  91  7:03  Probe (Chrono Boost)  
  91  7:04  Probe (Chrono Boost)  
  91  7:05  Photon Cannon  
  93  7:17  Phoenix x2  
  93  7:20  Protoss Air Weapons Level 2  
  97  7:24  Protoss Air Armor Level 1  
  97  7:27  Stargate  
  97  7:42  Anion Pulse-Crystals  
  97  7:50  Phoenix x2  
  97  7:51  Nexus  
  101  7:55  Pylon  
  101  7:57  Stargate  
  101  7:58  Assimilator  
  101  8:02  Assimilator  
  101  8:10  Nexus  
  101  8:14  Pylon  
  101  8:18  Pylon  
  101  8:21  Assimilator  
  101  8:22  Phoenix  
  101  8:23  Phoenix, Assimilator  
  101  8:24  Phoenix  
  101  8:26  Pylon  
  107  8:34  Pylon  
  107  8:36  Protoss Shields Level 2 (Chrono Boost)  
  107  8:37  Photon Cannon  
  107  8:38  Probe x3  
  110  8:42  Photon Cannon  
  110  8:44  Photon Cannon  
  110  8:45  Phoenix  
  110  8:47  Photon Cannon  
  112  8:50  Probe x3  
  115  8:56  Photon Cannon  
  115  8:58  Photon Cannon  
  115  9:02  Probe  
  116  9:05  Photon Cannon  
  116  9:07  Photon Cannon  
  116  9:10  Photon Cannon  
  116  9:13  Photon Cannon  
  116  9:15  Phoenix x3  
  116  9:16  Photon Cannon  
  122  9:19  Phoenix  
  124  9:40  Phoenix x2  
  124  9:44  Stargate  
  124  9:45  Probe x2, Stargate  
  129  9:46  Probe  
  129  9:51  Probe x2  
  132  9:57  Probe  
  132  9:59  Photon Cannon  
  135  10:00  Probe x2  
  135  10:03  Photon Cannon  
  136  10:15  Probe x3  
  136  10:16  Probe x2  
  136  10:21  Phoenix x3  
  143  10:26  Phoenix  
  143  10:27  Probe  
  150  10:30  Phoenix x2  
  154  10:46  Phoenix x3  
  154  10:48  Stargate  
  160  10:51  Stargate, Phoenix  
  160  10:54  Pylon  
  160  10:56  Pylon  
  162  10:58  Pylon  
  162  10:59  Pylon  
  162  11:01  Pylon, Protoss Air Weapons Level 3  
  162  11:02  Pylon  
  162  11:06  Protoss Air Armor Level 2, Phoenix  
  162  11:10  Phoenix  
  166  11:12  Nexus  
  166  11:16  Pylon  
  166  11:20  Pylon  
  166  11:21  Robotics Facility  
  166  11:23  Protoss Shields Level 3 (Chrono Boost)  
  166  11:32  Phoenix x3  
  170  11:36  Phoenix  
  174  11:41  Phoenix  
  176  11:47  Phoenix  
  178  11:55  Probe  
  178  11:58  Probe  
  178  11:59  Probe x2  
  182  12:02  Probe  
  182  12:07  Probe  
  184  12:08  Probe  
  185  12:17  Phoenix x3  
  185  12:18  Phoenix x3  
  185  12:22  Phoenix  
  199  13:07  Protoss Air Armor Level 3  
  185  14:29  Phoenix x4  
  185  14:30  Phoenix x4  
  199  14:42  Assimilator  
  199  14:46  Pylon  
  199  14:49  Photon Cannon  
  199  14:52  Photon Cannon  
  199  14:55  Photon Cannon  
  199  14:59  Photon Cannon  
  199  15:01  Photon Cannon  
  199  15:21  Assimilator  
  199  15:30  Warp Gate  
  199  15:35  Observer  
  200  15:38  Robotics Bay  
  200  15:44  Protoss Ground Armor Level 1 (Chrono Boost)  
  200  16:42  Nexus  
  200  16:45  Pylon  
  200  16:48  Pylon  
  200  16:52  Pylon  
  200  16:53  Assimilator  
  200  16:54  Assimilator  
  200  16:55  Nexus  
  200  16:58  Pylon  
  200  17:01  Pylon  
  200  17:03  Pylon  
  200  17:06  Pylon  
  200  17:09  Assimilator  
  200  17:13  Assimilator  
  200  17:23  Protoss Ground Weapons Level 1 (Chrono Boost)  
  114  20:40  Carrier (Chrono Boost)  
  114  20:41  Carrier (Chrono Boost)  
  113  20:43  Carrier x2 (Chrono Boost)  
  113  20:44  Carrier (Chrono Boost)  
  113  20:45  Carrier x2 (Chrono Boost)  
  113  20:49  Carrier (Chrono Boost)  
  149  21:11  Graviton Catapult (Chrono Boost)  
  141  22:03  Carrier (Chrono Boost)  
  141  22:04  Carrier (Chrono Boost)  
  141  22:07  Carrier x2 (Chrono Boost)  
  141  22:08  Carrier (Chrono Boost)  
  189  22:16  Carrier (Chrono Boost)  
  189  22:17  Carrier (Chrono Boost)  
  189  22:22  Carrier (Chrono Boost)  
Show
View Real Time Build Order
Export as new Build Order

Kurjack Zerg 

Build Orders: Hatch First 

Get SALT Encoding   

  12  0:03  Drone  
  13  0:09  Drone  
  14  0:43  Hatchery  
  14  0:45  Overlord  
  13  0:51  Drone  
  14  1:07  Spawning Pool  
  14  1:08  Drone  
  14  1:17  Drone x2  
  16  1:30  Drone x2  
  18  1:45  Overlord  
  18  1:54  Queen  
  18  1:55  Queen  
  18  1:58  Extractor  
  18  2:00  Extractor  
  18  2:01  Drone  
  21  2:04  Drone  
  22  2:23  Drone x3  
  22  2:25  Drone x2  
  22  2:28  Drone  
  28  2:39  Drone  
  29  2:46  Drone  
  29  2:50  Drone  
  31  2:51  Metabolic Boost  
  31  3:02  Overlord  
  31  3:05  Drone  
  32  3:07  Drone x2  
  32  3:08  Drone x2  
  36  3:13  Lair  
  36  3:21  Evolution Chamber  
  36  3:22  Evolution Chamber, Drone  
  36  3:25  Drone  
  36  3:29  Drone x2  
  36  3:31  Drone  
  39  3:40  Drone x3  
  42  3:50  Zerg Melee Weapons Level 1  
  42  3:54  Zerg Ground Armor Level 1  
  42  4:10  Drone, Extractor  
  42  4:11  Drone x3, Extractor  
  42  4:13  Overlord x4  
  44  4:40  Infestation Pit  
  43  4:54  Drone x2  
  45  5:00  Drone x2  
  45  5:01  Drone x4  
  51  5:16  Hatchery, Hive  
  51  5:17  Zergling x2  
  51  5:18  Zergling x14  
  58  5:22  Zergling x6  
  61  5:28  Hatchery  
  60  5:42  Spore Crawler  
  60  5:45  Spore Crawler  
  60  5:49  Drone  
  59  5:52  Zerg Ground Armor Level 2, Zerg Melee Weapons Level 2  
  59  5:58  Zergling x6  
  59  6:00  Zergling x12  
  68  6:19  Zergling x2  
  68  6:20  Zergling x2  
  68  6:21  Zergling x6  
  68  6:24  Overseer  
  73  6:27  Pneumatized Carapace  
  73  6:36  Queen  
  73  6:38  Drone  
  76  6:40  Drone  
  76  6:42  Queen  
  76  6:43  Drone  
  80  6:49  Zergling x6  
  80  6:50  Overlord x3  
  80  6:51  Overlord x3  
  83  6:56  Adrenal Glands  
  83  7:09  Drone x2  
  83  7:12  Queen  
  87  7:21  Drone x3  
  90  7:25  Drone x2  
  92  7:37  Ultralisk Cavern, Zergling x2  
  91  7:38  Zergling x8  
  91  7:39  Zergling x12  
  102  7:45  Drone x2  
  102  7:47  Extractor  
  102  7:50  Extractor  
  102  7:51  Extractor  
  101  7:52  Extractor  
  100  8:00  Drone  
  100  8:05  Drone x3  
  104  8:07  Drone  
  105  8:33  Zerg Melee Weapons Level 3  
  105  8:34  Zerg Ground Armor Level 3  
  105  8:35  Chitinous Plating  
  105  8:41  Overseer x2  
  105  8:44  Ultralisk x3  
  105  8:45  Ultralisk  
  105  8:47  Ultralisk  
  135  9:26  Drone  
  136  9:31  Overlord x3  
  136  9:32  Overlord x3  
  136  9:43  Overlord x4  
  136  10:18  Ultralisk x2  
  136  10:19  Ultralisk x3  
  136  10:21  Ultralisk x3  
  184  11:35  Zergling x8  
  184  11:36  Zergling x6  
  184  11:38  Zergling x2  
  184  11:39  Zergling x16  
  200  13:09  Overlord  
  200  13:10  Overlord x3  
  193  14:00  Ultralisk  
  193  14:01  Ultralisk  
  193  14:02  Ultralisk  
  192  14:03  Ultralisk  
  192  14:04  Ultralisk x2  
  192  14:07  Ultralisk  
  200  14:17  Ultralisk  
  194  15:28  Hatchery  
  190  15:36  Ultralisk  
  196  16:24  Ultralisk x2  
  199  17:06  Extractor  
  199  17:08  Extractor  
  89  17:46  Zergling x2  
  89  17:47  Zergling x32  
  89  17:48  Zergling x4  
  89  17:49  Zergling x2  
  89  17:50  Zergling x26  
  89  17:51  Zergling x6  
  107  17:52  Zergling x16  
  107  17:53  Zergling x6  
  107  17:54  Zergling x24  
  77  22:35  Overseer x4  
  66  22:54  Hatchery  
  66  22:56  Hatchery  
  66  22:57  Hatchery  
  58  23:01  Hatchery  
  58  23:03  Hatchery x2  
  58  23:04  Hatchery  
  36  23:16  Hatchery  
  35  23:21  Hatchery  
  35  23:23  Hatchery  
  32  23:28  Hatchery  
  32  23:31  Hatchery  
Show
View Real Time Build Order
Export as new Build Order

Duncan Protoss 

Build Orders:  

Get SALT Encoding   

  12  0:03  Probe (Chrono Boost)  
  14  0:14  Probe (Chrono Boost)  
  14  0:26  Pylon  
  14  0:45  Pylon  
  14  0:50  Pylon  
  14  1:00  Probe (Chrono Boost)  
  14  1:02  Forge  
  15  1:10  Gateway  
  15  1:11  Probe (Chrono Boost)  
  16  1:19  Assimilator  
  16  2:09  Photon Cannon  
  16  2:10  Photon Cannon  
  16  2:15  Photon Cannon  
  16  2:19  Photon Cannon  
  16  2:22  Photon Cannon  
  16  2:28  Photon Cannon  
  16  2:31  Photon Cannon  
  16  2:43  Zealot  
  18  2:54  Photon Cannon  
  18  3:02  Pylon  
  18  3:14  Pylon  
  18  3:29  Cybernetics Core  
  18  3:39  Photon Cannon  
  18  3:49  Photon Cannon  
  18  4:16  Nexus  
  18  4:33  Photon Cannon  
  18  4:42  Warp Gate (Chrono Boost)  
  18  4:54  Stargate  
  18  5:03  Assimilator  
  18  5:14  Gateway  
  18  5:20  Gateway  
  18  5:32  Pylon  
  18  5:37  Pylon  
  18  5:42  Probe  
  19  5:52  Probe  
  20  6:14  Mothership Core  
  22  6:18  Probe  
  23  6:29  Probe  
  24  6:40  Probe  
  24  6:42  Fleet Beacon  
  25  6:50  Probe  
  26  7:01  Probe  
  27  7:47  Probe  
  28  7:57  Probe  
  28  7:58  Pylon  
  34  8:03  Assimilator  
  35  8:08  Probe, Assimilator  
  36  8:18  Probe  
  37  8:29  Probe  
  38  8:39  Probe  
  39  8:50  Probe  
  39  8:51  Stalker  
  39  8:53  Stalker  
  39  8:55  Stalker  
  46  9:01  Probe  
  47  9:11  Probe  
  48  9:27  Stargate  
  48  9:30  Robotics Facility  
  48  9:33  Robotics Facility  
  48  10:42  Pylon  
  48  10:44  Pylon  
  48  10:47  Pylon  
  48  10:51  Pylon  
  48  10:57  Tempest  
  48  10:59  Tempest  
  56  11:05  Protoss Air Weapons Level 1 (Chrono Boost)  
  56  11:06  Protoss Shields Level 1  
  56  11:40  Tempest  
  56  11:42  Tempest  
  64  12:04  Immortal  
  68  12:11  Immortal  
  72  12:43  Immortal  
  76  12:44  Protoss Air Armor Level 1 (Chrono Boost)  
  76  12:50  Immortal  
  80  13:00  Protoss Ground Weapons Level 1  
  54  14:37  Immortal  
  58  14:39  Immortal  
  62  14:49  Stalker  
  62  14:50  Stalker  
  62  14:52  Stalker  
  68  14:55  Protoss Ground Armor Level 1  
  68  15:16  Immortal  
  68  15:18  Immortal  
  76  15:55  Stalker, Immortal  
  76  15:56  Stalker  
  84  15:57  Immortal  
  84  15:58  Stalker  
  90  16:27  Twilight Council  
  90  16:34  Immortal  
  90  16:36  Stalker  
  90  16:37  Stalker, Immortal  
  90  16:39  Stalker  
  104  17:12  Stalker  
  104  17:13  Immortal  
  104  17:14  Stalker  
  112  17:16  Stalker, Immortal  
  19  18:23  Stalker  
  19  18:25  Stalker  
  19  18:27  Stalker  
  10  19:20  Stalker  
  10  19:23  Stalker  
  14  19:24  Stalker  
  8  20:01  Phoenix  
  8  20:04  Phoenix  
  8  20:26  Phoenix  
  8  20:29  Phoenix  
  8  20:30  Zealot  
  6  20:51  Phoenix  
  6  20:54  Phoenix  
  4  21:16  Phoenix  
  4  21:17  Probe  
  7  21:19  Phoenix  
  9  21:41  Phoenix  
  3  22:22  Adept  
Show
View Real Time Build Order
Export as new Build Order

EdibleDXX Terran 

Build Orders:  

Get SALT Encoding   

  12  0:03  SCV  
  13  0:26  SCV  
  14  0:34  Supply Depot  
  14  0:36  Refinery  
  14  0:38  SCV  
  14  0:40  Refinery  
  15  0:55  SCV  
  16  0:57  Barracks  
  16  1:11  SCV, Engineering Bay  
  17  1:27  SCV  
  18  1:40  Missile Turret  
  18  1:52  Barracks Tech Lab  
  18  1:55  Factory  
  19  2:07  Orbital Command  
  18  2:12  Marauder  
  20  2:28  Supply Depot  
  20  2:33  Marine  
  21  2:41  Starport  
  21  2:45  SCV  
  21  2:50  Marine  
  23  2:58  SCV  
  24  2:59  Factory Tech Lab  
  24  3:22  Sensor Tower  
  24  3:29  Supply Depot, Starport Tech Lab  
  24  3:31  Sensor Tower  
  24  4:06  Command Center  
  24  4:24  Building Armor  
  24  4:26  Marine  
  25  4:34  Sensor Tower  
  25  4:38  SCV  
  25  4:44  Marine  
  27  4:50  SCV  
  28  5:02  SCV, Marine  
  30  5:08  Refinery  
  30  5:20  Refinery  
  30  5:22  Orbital Command  
  30  5:24  Siege Tank  
  33  5:38  Fusion Core  
  33  5:41  Medivac  
  35  5:45  SCV  
  36  6:01  Supply Depot  
  36  6:34  Sensor Tower  
  36  6:42  SCV x2  
  36  6:46  Weapon Refit  
  38  6:54  SCV x2  
  40  7:28  Battlecruiser  
  46  7:47  Armory  
  46  8:07  SCV x2  
  48  8:19  SCV  
  49  8:32  Battlecruiser  
  49  8:33  Starport  
  55  8:36  Armory  
  55  8:46  Missile Turret  
  55  8:57  Terran Ship Weapons Level 1  
  55  9:02  Terran Infantry Weapons Level 1  
  55  9:12  Starport Tech Lab  
  55  9:13  Factory  
  55  9:24  Engineering Bay  
  55  9:37  Battlecruiser  
  61  9:54  Supply Depot  
  61  10:12  Factory Tech Lab  
  61  10:16  Battlecruiser  
  61  10:18  Supply Depot  
  67  10:42  Siege Tank x2  
  73  10:43  Supply Depot  
  73  10:49  Viking  
  75  10:58  Terran Vehicle Weapons Level 1  
  75  10:59  Terran Vehicle And Ship Armor Level 1  
  75  11:02  Terran Infantry Weapons Level 2  
  75  11:10  Hi-Sec Auto Tracking  
  75  11:14  Siege Tank x2  
  81  11:34  Supply Depot  
  81  11:46  Siege Tank  
  84  11:55  Siege Tank  
  84  11:59  Supply Depot  
  85  12:18  Siege Tank  
  88  12:25  Supply Depot  
  88  12:26  Battlecruiser x2  
  88  12:27  Siege Tank  
  103  13:21  Missile Turret  
  103  13:30  Sensor Tower  
  64  14:33  Liberator x2  
  70  15:15  Liberator x2  
  76  15:58  Liberator x2  
  82  16:41  Liberator x2  
  82  16:42  Missile Turret  
  88  17:07  Missile Turret  
  88  17:27  Missile Turret  
  41  17:51  Liberator x2  
  41  17:55  Widow Mine  
  33  18:10  Widow Mine  
  39  18:23  Widow Mine  
  157  18:34  Liberator x2  
  28  18:38  Widow Mine  
  21  18:52  Widow Mine  
  23  19:07  Widow Mine  
  18  19:20  Widow Mine  
  18  19:35  Widow Mine  
  20  19:49  Widow Mine  
  22  20:04  Widow Mine  
  18  20:17  Widow Mine  
  18  20:33  Widow Mine  
  18  20:46  Widow Mine  
  12  21:01  Widow Mine  
  14  21:14  Widow Mine  
  16  21:30  Widow Mine  
  18  21:43  Widow Mine  
  20  21:58  Widow Mine  
  22  22:11  Widow Mine  
  30  22:15  Marine  
  31  22:33  Marine  
Tags
 
Add a new tag
Caveats
  • Supply blocks, unpowered buildings, or Contaminate may cause inaccurate times.
  • Supply counts are checked every 10 seconds.